BSA
LOS ANGELES BRUINS @ NIAGARA FALLS FRENZY
07/21/2024
 
TOP OF THE 1ST
Los Angeles Bruins batting - Pitching for Niagara Falls Frenzy : RHP Étienne Garcia
Pitching: RHP Étienne Garcia
Batting: SHB Ramón Lugo 0-0: Foul Ball, location: 2F
0-1: SINGLE (Groundball, 4MD)
Batting: RHB Tom Doherty 0-0: Ball
1-0: Ground out 5-3 (Groundball, 5S)
Ramón Lugo to second
Batting: RHB Rubén Calderón 0-0: SINGLE (Line Drive, 4M)
Ramón Lugo to third
Runner from 3rd tries for Home, throw and OUT!
Rubén Calderón to second
Batting: LHB Richard Hunter 0-0: Foul Ball, location: 2F
0-1: SINGLE (Groundball, 3D)
Rubén Calderón to third
Runner from 3rd tries for Home, SAFE, no throw or cutoff
Batting: RHB Morgan Gibbon 0-0: Called Strike
0-1: DOUBLE (Line Drive, 8RS)
Richard Hunter to third
Batting: SHB Miguel González 0-0: Ball
1-0: Ball
2-0: Swinging Strike
2-1: Ball
3-1: Foul Ball, location: 2F
3-2: Foul Ball, location: 2F
3-2: Base on Balls
Batting: SHB Zach Franks 0-0: Ball
1-0: Foul Ball, location: 2F
1-1: Called Strike
1-2: Ball
2-2: Strikes out swinging
Top of the 1st over - 1 run(s), 4 hit(s), 0 error(s), 3 left on base; Los Angeles 1 - Niagara Falls 0
BOTTOM OF THE 1ST
Niagara Falls Frenzy batting - Pitching for Los Angeles Bruins : RHP Kyu-pyeong Pak
Pitching: RHP Kyu-pyeong Pak
Batting: RHB Lawrence Schroeder 0-0: Called Strike
0-1: Ground out 1-3 (Groundball, 23)
Batting: RHB Juan Carlos Rodríguez 0-0: Called Strike
0-1: Ball
1-1: Swinging Strike
1-2: Ball
2-2: Fly out, F7 (Flyball, 78S)
Batting: LHB Dante Owens 0-0: Ground out 4-3 (Groundball, 4)
Bottom of the 1st over - 0 run(s), 0 hit(s), 0 error(s), 0 left on base; Los Angeles 1 - Niagara Falls 0
TOP OF THE 2ND
Los Angeles Bruins batting - Pitching for Niagara Falls Frenzy : RHP Étienne Garcia
Batting: LHB Tony Abete 0-0: Ball
1-0: Foul Ball, location: 2F
1-1: Called Strike
1-2: Ball
2-2: Strikes out swinging
Batting: LHB Luis Sánchez 0-0: Ball
1-0: Foul Ball, location: 2F
1-1: Swinging Strike
1-2: Foul Ball, location: 2F
1-2: Strikes out swinging
Batting: SHB Ramón Lugo 0-0: Ball
1-0: Called Strike
1-1: SINGLE (Groundball, 34D)
Batting: RHB Tom Doherty 0-0: Ball
Ramón Lugo steals 2nd base
1-0: Foul Ball, location: 2F
1-1: Ball
2-1: Ground out 4-3 (Groundball, 4)
Top of the 2nd over - 0 run(s), 1 hit(s), 0 error(s), 1 left on base; Los Angeles 1 - Niagara Falls 0
BOTTOM OF THE 2ND
Niagara Falls Frenzy batting - Pitching for Los Angeles Bruins : RHP Kyu-pyeong Pak
Batting: SHB Ray Burgess 0-0: Ball
1-0: SINGLE (Groundball, 4MD)
Batting: SHB Shumei Yokoyama 0-0: Ball
1-0: Ball
2-0: Ball
3-0: Base on Balls
Ray Burgess to second
Batting: LHB Seung-woo Yi 0-0: Ball
1-0: Called Strike
1-1: Ball
2-1: Foul Ball, location: 2F
2-2: Grounds into double play, 4-6-3 (Groundball, 4)
Ray Burgess to third
Batting: RHB Eichiro Yamamoto 0-0: Ball
1-0: Ball
2-0: Called Strike
2-1: Foul Ball, location: 2F
2-2: Ground out 1-3 (Groundball, 15)
Bottom of the 2nd over - 0 run(s), 1 hit(s), 0 error(s), 1 left on base; Los Angeles 1 - Niagara Falls 0
TOP OF THE 3RD
Los Angeles Bruins batting - Pitching for Niagara Falls Frenzy : RHP Étienne Garcia
Batting: RHB Rubén Calderón 0-0: Ball
1-0: Ball
2-0: Ground out 4-3 (Groundball, 6M)
Batting: LHB Richard Hunter 0-0: Foul Ball, location: 2F
0-1: Ball
1-1: Ball
2-1: SINGLE (Flyball, 8LS) - OUT at second base trying to stretch hit.
Batting: RHB Morgan Gibbon 0-0: Fly out, F4 (Popup, 4M)
Top of the 3rd over - 0 run(s), 1 hit(s), 0 error(s), 0 left on base; Los Angeles 1 - Niagara Falls 0
BOTTOM OF THE 3RD
Niagara Falls Frenzy batting - Pitching for Los Angeles Bruins : RHP Kyu-pyeong Pak
Batting: RHB Ángel Hinojosa 0-0: Foul Ball, location: 2F
0-1: Ball
1-1: Ball
2-1: SINGLE (Line Drive, 78S)
Batting: RHB Cordell Gibson 0-0: Ball
1-0: Grounds into double play, 1-6-3 (Groundball, 15)
Batting: RHB Lawrence Schroeder 0-0: Ground out 4-3 (Groundball, 4M)
Bottom of the 3rd over - 0 run(s), 1 hit(s), 0 error(s), 0 left on base; Los Angeles 1 - Niagara Falls 0
TOP OF THE 4TH
Los Angeles Bruins batting - Pitching for Niagara Falls Frenzy : RHP Étienne Garcia
Batting: SHB Miguel González 0-0: Ball
1-0: Ball
2-0: Ball
3-0: Base on Balls
Batting: SHB Zach Franks 0-0: Swinging Strike
0-1: Ball
1-1: SINGLE (Groundball, 2R) (infield hit)
Miguel González to second
Batting: LHB Tony Abete 0-0: Ball
1-0: Ball
2-0: Ball
3-0: Called Strike
3-1: Base on Balls
Miguel González to third
Zach Franks to second
Batting: LHB Luis Sánchez 0-0: Ball
1-0: Fly out, F6 (Line Drive, 6M)
Batting: SHB Ramón Lugo 0-0: Ball
1-0: Ball
2-0: Ball
Wild Pitch!
Miguel González scores
Zach Franks to third
Tony Abete to second
3-0: Swinging Strike
3-1: Foul Ball, location: 2F
3-2: Ground out 3-1 (Groundball, 34)
Zach Franks scores
Tony Abete to third
Batting: RHB Tom Doherty 0-0: Called Strike
0-1: Ball
1-1: Called Strike
1-2: Foul Ball, location: 2F
1-2: SINGLE (Line Drive, 89S)
Tony Abete scores
Batting: RHB Rubén Calderón 0-0: 2-RUN HOME RUN (Flyball, 7D), Distance : 388 ft
Batting: LHB Richard Hunter 0-0: SINGLE (Flyball, 89S)
Batting: RHB Morgan Gibbon 0-0: Ball
1-0: Ground out 4-3 (Groundball, 4)
Top of the 4th over - 5 run(s), 4 hit(s), 0 error(s), 1 left on base; Los Angeles 6 - Niagara Falls 0
BOTTOM OF THE 4TH
Niagara Falls Frenzy batting - Pitching for Los Angeles Bruins : RHP Kyu-pyeong Pak
Batting: RHB Juan Carlos Rodríguez 0-0: Ground out 5-3 (Groundball, 56)
Batting: LHB Dante Owens 0-0: Ball
1-0: Ball
2-0: Called Strike
2-1: Ball
3-1: Foul Ball, location: 2F
3-2: Base on Balls
Batting: SHB Ray Burgess 0-0: Called Strike
0-1: SINGLE (Groundball, 56)
Dante Owens to second
Batting: SHB Shumei Yokoyama 0-0: Ball
1-0: Foul Ball, location: 2F
1-1: Ball
2-1: Ball
3-1: Swinging Strike
3-2: Base on Balls
Dante Owens to third
Ray Burgess to second
Batting: LHB Seung-woo Yi 0-0: Called Strike
0-1: Ball
1-1: Ball
2-1: Called Strike
2-2: Foul Ball, location: 2F
2-2: DOUBLE (Line Drive, 56D)
Dante Owens scores
Ray Burgess scores
Shumei Yokoyama to third
Batting: RHB Eichiro Yamamoto 0-0: DOUBLE (Line Drive, 7D)
Shumei Yokoyama scores
Seung-woo Yi scores
Batting: RHB Ángel Hinojosa 0-0: Ball
1-0: Called Strike
1-1: Ball
2-1: Foul Ball, location: 2F
2-2: Strikes out looking
Batting: RHB Cordell Gibson 0-0: Called Strike
0-1: Ball
1-1: Foul Ball, location: 2F
1-2: Ball
2-2: Foul Ball, location: 2F
2-2: Foul Ball, location: 2F
2-2: Foul Ball, location: 2F
2-2: SINGLE (Line Drive, 34)
Eichiro Yamamoto to third
Runner from 3rd tries for Home, SAFE, no throw or cutoff
Batting: RHB Lawrence Schroeder 0-0: Ball
1-0: Foul Ball, location: 2F
1-1: Ball
2-1: Swinging Strike
2-2: Ball
3-2: Base on Balls
Cordell Gibson to second
Batting: RHB Juan Carlos Rodríguez 0-0: Called Strike
0-1: Foul Ball, location: 2F
0-2: Foul Ball, location: 2F
0-2: Ground out 5-3 (Groundball, 5S)
Bottom of the 4th over - 5 run(s), 4 hit(s), 0 error(s), 2 left on base; Los Angeles 6 - Niagara Falls 5
TOP OF THE 5TH
Los Angeles Bruins batting - Pitching for Niagara Falls Frenzy : RHP Étienne Garcia
Batting: SHB Miguel González 0-0: Ground out 4-3 (Groundball, 4)
Batting: SHB Zach Franks 0-0: SINGLE (Groundball, 6MD)
Batting: LHB Tony Abete 0-0: 2-RUN HOME RUN (Flyball, 89XD), Distance : 403 ft
Pitching: RHP Ángel Francisco
Batting: LHB Luis Sánchez 0-0: Ground out 6-3 (Groundball, 6M)
Batting: SHB Ramón Lugo 0-0: Ball
1-0: Called Strike
1-1: Ball
2-1: Swinging Strike
2-2: Ball
3-2: Foul Ball, location: 2F
3-2: Ground out 4-3 (Groundball, 4MS)
Top of the 5th over - 2 run(s), 2 hit(s), 0 error(s), 0 left on base; Los Angeles 8 - Niagara Falls 5
BOTTOM OF THE 5TH
Niagara Falls Frenzy batting - Pitching for Los Angeles Bruins : RHP Kyu-pyeong Pak
Batting: LHB Dante Owens 0-0: Foul Ball, location: 2F
0-1: Ground out U3 (Groundball, 3S)
Batting: SHB Ray Burgess 0-0: Ball
1-0: Fly out, F6 (Line Drive, 6D)
Batting: SHB Shumei Yokoyama 0-0: Called Strike
0-1: Swinging Strike
0-2: Ball
1-2: Ball
2-2: Ground out 4-3 (Groundball, 4)
Bottom of the 5th over - 0 run(s), 0 hit(s), 0 error(s), 0 left on base; Los Angeles 8 - Niagara Falls 5
TOP OF THE 6TH
Los Angeles Bruins batting - Pitching for Niagara Falls Frenzy : RHP Ángel Francisco
Batting: RHB Tom Doherty 0-0: Ground out 5-3 (Groundball, 56S)
Batting: RHB Rubén Calderón 0-0: Ball
1-0: Ball
2-0: Foul Ball, location: 2F
2-1: Ball
3-1: Base on Balls
Batting: LHB Richard Hunter 0-0: Swinging Strike
0-1: Fly out, F7 (Flyball, 78S)
Batting: RHB Morgan Gibbon 0-0: Ground out 4-3 (Groundball, 4)
Top of the 6th over - 0 run(s), 0 hit(s), 0 error(s), 1 left on base; Los Angeles 8 - Niagara Falls 5
BOTTOM OF THE 6TH
Niagara Falls Frenzy batting - Pitching for Los Angeles Bruins : RHP Kyu-pyeong Pak
Batting: LHB Seung-woo Yi 0-0: Ball
1-0: Called Strike
1-1: Ball
2-1: Fly out, F6 (Line Drive, 6)
Batting: RHB Eichiro Yamamoto 0-0: Called Strike
0-1: Foul Ball, location: 2F
0-2: Fly out, F7 (Flyball, 78M)
Batting: RHB Ángel Hinojosa 0-0: Fly out, F7 (Popup, 7S)
Bottom of the 6th over - 0 run(s), 0 hit(s), 0 error(s), 0 left on base; Los Angeles 8 - Niagara Falls 5
TOP OF THE 7TH
Los Angeles Bruins batting - Pitching for Niagara Falls Frenzy : RHP Ángel Francisco
Batting: SHB Miguel González 0-0: Ground out 4-3 (Groundball, 4)
Pitching: LHP António Bueno
Batting: SHB Zach Franks 0-0: Called Strike
0-1: Ball
1-1: Swinging Strike
1-2: Strikes out swinging
Batting: LHB Tony Abete 0-0: Ball
1-0: Ball
2-0: Ball
3-0: Ground out 1-3 (Groundball, 25)
Top of the 7th over - 0 run(s), 0 hit(s), 0 error(s), 0 left on base; Los Angeles 8 - Niagara Falls 5
BOTTOM OF THE 7TH
Niagara Falls Frenzy batting - Pitching for Los Angeles Bruins : RHP Kyu-pyeong Pak
Pitching: RHP José Valdéz
Batting: RHB Cordell Gibson 0-0: Ball
1-0: Ground out 5-3 (Groundball, 5S)
Batting: RHB Lawrence Schroeder 0-0: DOUBLE (Line Drive, 89M)
Batting: RHB Juan Carlos Rodríguez 0-0: Ball
1-0: Ground out 6-3 (Groundball, 6M)
Lawrence Schroeder to third
Batting: LHB Dante Owens 0-0: Ball
1-0: Foul Ball, location: 2F
1-1: Ball
2-1: Foul Ball, location: 2F
2-2: Foul Ball, location: 2F
2-2: Ground out 4-3 (Groundball, 34)
Bottom of the 7th over - 0 run(s), 1 hit(s), 0 error(s), 1 left on base; Los Angeles 8 - Niagara Falls 5
TOP OF THE 8TH
Los Angeles Bruins batting - Pitching for Niagara Falls Frenzy : LHP António Bueno
Batting: LHB Luis Sánchez 0-0: Fly out, F4 (Popup, 4M)
Batting: SHB Ramón Lugo 0-0: Called Strike
0-1: DOUBLE (Flyball, 8RXD)
Batting: RHB Tom Doherty 0-0: Ball
1-0: Ball
2-0: Foul Ball, location: 2F
2-1: Ball
3-1: Swinging Strike
3-2: Foul Ball, location: 2F
3-2: Base on Balls
Batting: RHB Rubén Calderón 0-0: Ball
1-0: DOUBLE (Flyball, 78XD)
Ramón Lugo scores
Tom Doherty to third
Batting: LHB Richard Hunter 0-0: Ball
1-0: Foul Ball, location: 2F
1-1: Ball
2-1: Foul Ball, location: 2F
2-2: DOUBLE (Flyball, 89D)
Tom Doherty scores
Rubén Calderón scores
Pitching: RHP Armando López
Batting: RHB Morgan Gibbon 0-0: Ball
1-0: Foul Ball, location: 2F
1-1: Fly out, F3 (Popup, 3F)
Batting: SHB Miguel González 0-0: Ball
1-0: Called Strike
1-1: Swinging Strike
1-2: Ball
2-2: Strikes out swinging
Top of the 8th over - 3 run(s), 3 hit(s), 0 error(s), 1 left on base; Los Angeles 11 - Niagara Falls 5
BOTTOM OF THE 8TH
Niagara Falls Frenzy batting - Pitching for Los Angeles Bruins : RHP José Valdéz
Batting: SHB Ray Burgess 0-0: Ball
1-0: Ball
2-0: Called Strike
2-1: Ground out 5-3 (Groundball, 56S)
Batting: SHB Shumei Yokoyama 0-0: Ball
1-0: Ball
2-0: Called Strike
2-1: Called Strike
2-2: Ball
3-2: Foul Ball, location: 2F
3-2: SINGLE (Line Drive, 34)
Batting: LHB Seung-woo Yi 0-0: Swinging Strike
0-1: Ball
1-1: Reached on error, E6 (Groundball, 6M)
Shumei Yokoyama to second
Batting: RHB Eichiro Yamamoto 0-0: Called Strike
0-1: Foul Ball, location: 2F
0-2: Strikes out swinging
Batting: RHB Ángel Hinojosa 0-0: Called Strike
0-1: Called Strike
0-2: Ball
1-2: Strikes out swinging
Bottom of the 8th over - 0 run(s), 1 hit(s), 1 error(s), 2 left on base; Los Angeles 11 - Niagara Falls 5
TOP OF THE 9TH
Los Angeles Bruins batting - Pitching for Niagara Falls Frenzy : RHP Armando López
Batting: SHB Zach Franks 0-0: Ball
1-0: Ball
2-0: DOUBLE (Flyball, 8LXD)
Batting: LHB Tony Abete 0-0: Foul Ball, location: 2F
0-1: Called Strike
0-2: Ball
1-2: Foul Ball, location: 2F
1-2: Strikes out swinging
Batting: LHB Luis Sánchez 0-0: Ball
1-0: Called Strike
1-1: DOUBLE (Groundball, 5L)
Zach Franks scores
Batting: SHB Ramón Lugo 0-0: Called Strike
0-1: Ball
1-1: Called Strike
1-2: Foul Ball, location: 2F
1-2: Strikes out looking
Batting: RHB Tom Doherty 0-0: Fly out, F8 (Flyball, 8LM)
Top of the 9th over - 1 run(s), 2 hit(s), 0 error(s), 1 left on base; Los Angeles 12 - Niagara Falls 5
BOTTOM OF THE 9TH
Niagara Falls Frenzy batting - Pitching for Los Angeles Bruins : RHP José Valdéz
Batting: RHB Cordell Gibson 0-0: Called Strike
0-1: Fly out, F4 (Popup, 4MD)
Batting: RHB Lawrence Schroeder 0-0: Foul Ball, location: 2F
0-1: Foul Ball, location: 2F
0-2: Strikes out looking
Batting: RHB Juan Carlos Rodríguez 0-0: Called Strike
0-1: Ground out 6-3 (Groundball, 6MS)
Bottom of the 9th over - 0 run(s), 0 hit(s), 0 error(s), 0 left on base; Los Angeles 12 - Niagara Falls 5
This league is powered by Out of the Park Baseball, the baseball management simulation game for PC, Mac and Linux
Saturday, April 9th, 2016 - OOTP Baseball 16.8 Build 38